Map: Cerulean Fall LE

Players

Mesrob - Winner!

  • Race: Terran Terran
  • League: Gold
  • Spawn Location: 1:00

MrBeefyII

  • Race: Zerg Zerg
  • League: Gold
  • Spawn Location: 7:00

VOD

Have the link to the VOD?

Description

Time

  • Played on: Jan. 16, 2019, 12:53 p.m.
  • Length: 30:37
Show
View Real Time Build Order
Export as new Build Order

Mesrob Terran - Winner!

Build Orders: Mech 

Get SALT Encoding   

  12  0:00  SCV  
  13  0:13  SCV  
  14  0:17  Supply Depot  
  14  0:25  SCV  
  15  0:39  SCV  
  15  0:40  Barracks  
  16  0:50  Refinery  
  16  0:51  SCV  
  17  1:03  SCV  
  18  1:15  SCV  
  19  1:28  Orbital Command  
  19  1:40  Marine, Command Center  
  20  1:58  Bunker  
  20  1:59  SCV  
  21  2:08  Factory  
  21  2:11  SCV  
  21  2:14  Barracks Tech Lab  
  21  2:30  Supply Depot  
  21  2:53  Supply Depot  
  20  3:01  Supply Depot  
  20  3:02  Siege Tank  
  20  3:04  Marine  
  24  3:55  Orbital Command  
  24  3:56  Siege Tank  
  24  4:02  SCV  
  28  4:11  Refinery  
  28  4:14  SCV  
  29  4:18  Engineering Bay  
  29  4:29  Refinery, Siege Tank, SCV  
  29  4:30  SCV  
  34  4:41  SCV  
  34  4:42  SCV  
  34  4:44  Supply Depot  
  36  4:49  Missile Turret  
  36  4:52  Missile Turret  
  36  4:53  SCV  
  36  4:54  SCV  
  36  4:58  Missile Turret  
  38  5:05  SCV  
  38  5:06  SCV  
  40  5:08  Supply Depot  
  40  5:09  Missile Turret  
  40  5:11  Siege Tank  
  43  5:17  SCV  
  43  5:19  SCV  
  45  5:24  Factory  
  45  5:28  Refinery  
  45  5:29  SCV  
  45  5:31  Supply Depot, SCV  
  47  5:43  SCV  
  47  5:44  Hellion  
  50  5:55  Command Center, Missile Turret  
  50  6:07  Hellion  
  50  6:09  Factory Reactor  
  52  6:12  Factory  
  52  6:18  Armory  
  52  6:32  SCV  
  53  6:44  SCV  
  54  6:53  Missile Turret  
  54  7:07  Missile Turret  
  54  7:08  Armory  
  54  7:11  Missile Turret  
  54  7:12  SCV  
  54  7:14  Missile Turret  
  55  7:21  Orbital Command  
  55  7:24  SCV  
  55  7:25  Factory Reactor  
  55  7:27  Missile Turret, Thor  
  62  7:35  Missile Turret  
  62  7:48  Missile Turret  
  62  7:57  Missile Turret  
  59  7:59  Missile Turret  
  59  8:12  Missile Turret  
  56  8:16  Missile Turret  
  56  8:20  Missile Turret  
  56  8:27  Orbital Command  
  56  8:32  Missile Turret  
  56  8:36  Missile Turret  
  56  8:38  Thor  
  56  8:39  Hellbat  
  56  8:40  Hellbat  
  66  8:49  Factory  
  66  8:53  Factory  
  66  8:55  Missile Turret  
  66  8:58  Factory  
  65  9:15  Orbital Command  
  65  9:34  Missile Turret  
  65  9:37  Factory  
  65  9:41  Sensor Tower  
  65  9:42  Terran Vehicle Weapons Level 1  
  65  9:44  Factory, Terran Vehicle And Ship Armor Level 1  
  65  9:56  Command Center  
  65  10:00  Factory Tech Lab  
  65  10:01  Factory Tech Lab x2  
  65  10:06  Thor  
  71  10:08  Hellbat x3  
  77  10:23  SCV  
  78  10:28  Sensor Tower  
  78  10:33  Supply Depot  
  78  10:42  Factory Reactor  
  78  10:44  Factory Tech Lab  
  78  10:54  Hellbat, SCV x2  
  78  10:55  Supply Depot  
  82  11:06  SCV x2  
  82  11:08  Missile Turret  
  82  11:10  Refinery  
  84  11:15  SCV  
  85  11:18  Supply Depot, SCV x2  
  87  11:29  Missile Turret  
  87  11:30  SCV  
  87  11:31  Refinery  
  88  11:35  Command Center, SCV x2  
  88  11:37  Thor  
  96  11:41  Supply Depot  
  96  11:43  SCV  
  97  11:47  Infernal Pre-Igniter  
  97  11:50  Thor  
  97  11:52  Missile Turret  
  97  11:53  Hellbat  
  97  11:54  Hellbat  
  107  12:13  Missile Turret  
  107  12:14  Thor  
  113  12:20  Missile Turret  
  113  12:27  Hellbat x2  
  113  12:28  Hellbat x3  
  123  12:34  Terran Vehicle Weapons Level 2  
  123  12:41  Missile Turret, Terran Vehicle And Ship Armor Level 2  
  123  12:45  Supply Depot  
  123  13:00  Missile Turret  
  123  13:01  Planetary Fortress  
  123  13:07  Refinery, SCV x3  
  126  13:19  SCV x2, Thor  
  135  13:22  Missile Turret  
  124  13:29  Planetary Fortress  
  124  13:31  SCV  
  124  13:32  Refinery  
  121  13:36  SCV  
  121  13:39  Thor  
  128  13:43  SCV  
  128  13:45  Supply Depot  
  128  13:48  SCV  
  130  14:03  SCV x3  
  130  14:06  SCV  
  130  14:08  Supply Depot  
  134  14:19  Thor  
  134  14:22  Thor  
  146  14:35  Sensor Tower, SCV x2  
  146  14:36  Supply Depot, SCV x2  
  150  14:47  SCV  
  151  14:59  Supply Depot  
  151  15:19  SCV  
  152  15:22  Supply Depot, Thor x4  
  152  15:23  Thor  
  152  15:24  Hellbat  
  152  15:25  Hellbat x4  
  152  15:27  Hellbat  
  192  16:13  Command Center  
  192  16:52  Thor  
  192  16:53  Thor x4  
  196  16:55  Hellbat x3  
  196  16:56  Hellbat  
  186  17:02  Hellbat  
  167  17:19  Hellbat  
  167  17:20  Hellbat x2  
  155  17:35  Thor x3  
  155  17:36  Thor  
  179  17:45  Hellbat x2  
  179  17:46  Hellbat x4  
  179  17:47  Thor  
  147  18:16  Refinery  
  147  18:18  Thor x2  
  159  18:31  Thor  
  159  18:32  Thor  
  171  18:39  Terran Vehicle Weapons Level 3  
  171  18:41  Terran Vehicle And Ship Armor Level 3  
  171  18:42  Refinery  
  171  18:47  Hellbat x2  
  115  19:34  Thor x3  
  115  19:37  Command Center  
  115  20:06  Hellbat x4  
  117  20:07  Hellbat x2  
  117  20:08  Thor  
  91  20:25  Thor  
  97  20:30  SCV x2  
  99  20:49  SCV  
  100  20:54  Thor  
  106  20:59  Command Center  
  106  21:08  Refinery  
  106  21:20  Command Center  
  106  21:21  Thor  
  106  21:22  Thor  
  106  21:24  Hellbat x2  
  121  21:51  SCV x3  
  121  21:52  SCV x2  
  126  22:03  SCV  
  127  22:12  Thor x4  
  127  22:13  Thor  
  127  22:14  Hellbat x2  
  127  22:15  Hellbat  
  163  22:16  Hellbat  
  163  22:18  Hellbat  
  163  22:21  Hellbat  
  155  22:46  Planetary Fortress  
  155  22:55  Thor x2  
  106  23:35  Thor x3  
  106  23:37  Hellbat  
  118  23:41  Planetary Fortress  
  90  24:22  Thor x4  
  87  24:39  SCV x2  
  87  24:40  SCV  
  87  24:44  SCV  
  91  24:46  Command Center  
  91  24:54  Hellbat x2  
  91  24:55  Hellbat x2  
  91  24:56  Hellbat  
  103  25:00  Hellbat  
  103  25:15  Thor x2  
  103  25:20  SCV x2  
  103  25:21  SCV x2  
  119  25:26  Refinery  
  119  25:29  Refinery  
  119  25:33  SCV x2  
  119  25:34  SCV  
  119  25:35  SCV  
  123  25:38  Thor  
  123  25:41  Hellbat x3  
  135  25:46  Thor  
  87  26:40  Thor x4  
  87  26:41  Hellbat  
  87  26:42  Hellbat x3, Thor  
  87  26:43  Hellbat  
  87  26:44  Hellbat  
  121  26:50  Orbital Command  
  103  27:03  Hellbat x2  
  105  27:15  Hellbat  
  105  27:16  Hellbat x3  
  109  27:23  Thor x4  
  133  27:43  SCV  
  134  27:45  SCV x2  
  134  27:47  Planetary Fortress  
  136  27:55  SCV  
  137  28:00  Thor  
  137  28:02  Hellbat x5  
  137  28:03  Hellbat  
  137  28:05  Terran Ship Weapons Level 1, Thor  
  161  28:23  Orbital Command  
  159  29:19  Thor x2  
  159  29:20  Thor  
  159  29:21  Hellbat x3, Thor  
  159  29:22  Thor  
  159  29:23  Hellbat x2  
  185  29:24  Hellbat  
  177  29:42  Hellbat x3  
Show
View Real Time Build Order
Export as new Build Order

MrBeefyII Zerg 

Build Orders: Hatch First, Muta Ling Bane 

Get SALT Encoding   

  12  0:01  Drone  
  13  0:08  Drone  
  14  0:36  Hatchery  
  14  0:39  Drone  
  14  0:56  Spawning Pool  
  13  1:03  Overlord  
  13  1:08  Drone  
  14  1:16  Extractor, Drone  
  15  1:25  Drone  
  15  1:31  Drone  
  16  1:45  Queen  
  16  1:46  Zergling x2  
  19  1:47  Zergling x2  
  20  1:56  Queen  
  20  2:00  Zergling x2  
  23  2:17  Drone x4  
  27  2:30  Drone  
  27  2:33  Overlord  
  27  2:57  Drone  
  27  2:58  Drone x4  
  32  3:14  Drone x2  
  32  3:15  Drone  
  35  3:21  Extractor  
  35  3:24  Lair  
  35  3:25  Evolution Chamber  
  33  3:27  Burrow  
  33  3:30  Drone  
  33  3:31  Drone x2  
  34  3:51  Drone x2  
  36  3:56  Overlord x3  
  36  4:07  Zerg Melee Weapons Level 1  
  36  4:09  Metabolic Boost  
  36  4:10  Extractor  
  35  4:20  Drone  
  35  4:21  Drone x5  
  41  4:36  Hatchery  
  40  4:40  Zergling x6  
  43  4:46  Drone x2, Baneling Nest  
  43  4:47  Drone x3  
  43  4:52  Zergling x2  
  48  5:03  Overseer  
  48  5:07  Spore Crawler  
  47  5:10  Spore Crawler  
  47  5:11  Drone  
  47  5:12  Spore Crawler, Drone x3  
  49  5:24  Zergling x4  
  49  5:28  Spire  
  50  5:34  Extractor  
  49  5:46  Centrifical Hooks  
  49  5:49  Zergling x12  
  56  5:50  Zergling x2  
  56  5:59  Spine Crawler  
  55  6:07  Spine Crawler x2  
  55  6:09  Drone x2  
  55  6:10  Drone x2, Spine Crawler  
  55  6:11  Zergling x10  
  58  6:12  Zergling x2  
  58  6:16  Queen  
  64  6:19  Overlord x2  
  64  6:21  Drone  
  65  6:28  Spore Crawler  
  64  6:37  Baneling x3  
  64  6:38  Baneling  
  64  6:44  Mutalisk x3  
  64  6:45  Mutalisk  
  72  6:49  Mutalisk  
  74  7:08  Overseer x2  
  74  7:09  Overseer  
  74  7:22  Zerg Flyer Weapons Level 1  
  74  7:23  Zerg Ground Armor Level 1  
  74  7:32  Infestation Pit  
  74  7:33  Drone x3  
  74  7:34  Drone x6  
  82  7:37  Overlord x3  
  82  8:09  Mutalisk x3  
  86  8:26  Corruptor  
  86  8:42  Baneling x5  
  86  8:43  Baneling x3  
  86  9:05  Corruptor x2  
  90  9:11  Extractor  
  90  9:13  Drone x5  
  90  9:14  Extractor, Drone x2  
  91  9:29  Zergling x6  
  84  9:49  Mutalisk x4  
  84  9:50  Mutalisk  
  94  9:56  Zergling x12  
  94  9:57  Zergling x2  
  101  10:09  Hive  
  101  10:11  Hatchery  
  100  10:16  Hatchery  
  100  10:18  Drone x6  
  100  10:19  Drone  
  106  10:40  Extractor  
  106  10:41  Overlord x3  
  106  10:42  Extractor, Overlord x6  
  106  10:59  Queen  
  106  11:01  Zergling x8  
  106  11:02  Zergling x14  
  106  11:03  Zergling x2  
  120  11:13  Pneumatized Carapace  
  120  11:15  Zerg Ground Armor Level 2  
  118  11:19  Zerg Flyer Weapons Level 2  
  118  11:20  Neural Parasite  
  118  11:27  Baneling x3  
  118  11:28  Baneling x6  
  118  11:29  Baneling x5  
  118  11:30  Baneling x5  
  118  11:34  Queen  
  118  11:37  Zergling x4  
  118  11:38  Zergling x10  
  118  11:39  Zergling x14  
  135  11:40  Zergling x8  
  138  11:55  Drone x3, Spine Crawler  
  138  11:56  Drone x6, Spine Crawler  
  145  12:08  Spore Crawler  
  144  12:09  Spore Crawler  
  144  12:10  Queen  
  144  12:14  Spire  
  144  12:29  Queen x2  
  146  12:30  Queen  
  150  12:45  Overlord  
  150  12:46  Overlord x4  
  150  12:52  Drone  
  150  12:53  Drone x7  
  150  12:54  Drone x5  
  163  13:09  Ultralisk Cavern  
  163  13:11  Adrenal Glands  
  143  13:31  Zerg Melee Weapons Level 2  
  134  13:37  Greater Spire  
  134  13:38  Zerg Flyer Weapons Level 3  
  134  13:39  Drone  
  134  13:40  Zergling x8, Drone, Roach Warren  
  134  13:41  Zergling x12  
  142  13:42  Zergling x14  
  142  13:43  Zergling x8  
  142  13:46  Baneling x6  
  142  13:47  Baneling x5  
  156  13:49  Baneling x3  
  156  14:12  Evolution Chamber  
  156  14:17  Corruptor x5  
  155  14:19  Pathogen Glands  
  155  14:21  Zergling x10  
  155  14:22  Zergling x10  
  175  14:38  Ultralisk  
  175  14:39  Ultralisk  
  175  14:40  Chitinous Plating  
  187  14:47  Zerg Ground Armor Level 3  
  187  14:49  Drone x2  
  189  14:53  Extractor  
  189  14:54  Extractor  
  189  14:57  Spine Crawler  
  189  14:59  Spine Crawler  
  185  15:03  Hatchery  
  184  15:28  Brood Lord x3  
  184  15:29  Brood Lord x4  
  184  15:32  Brood Lord  
  192  16:28  Glial Reconstitution, Zerg Flyer Armor Level 1  
  192  16:30  Anabolic Synthesis  
  176  16:33  Zerg Melee Weapons Level 3  
  142  16:58  Ultralisk x3  
  142  16:59  Ultralisk x5  
  184  17:01  Ultralisk  
  184  17:06  Zergling x2  
  184  17:07  Zergling x12  
  184  17:08  Zergling x14  
  174  17:19  Ultralisk  
  142  18:02  Corruptor x7  
  142  18:03  Corruptor x2  
  160  18:08  Zergling x10  
  160  18:09  Zergling x14  
  160  18:10  Zergling x6  
  164  19:04  Ultralisk x3  
  164  19:05  Ultralisk  
  158  19:13  Zergling x10  
  158  19:14  Zergling x12  
  158  19:15  Zergling x12  
  158  19:16  Zergling x4  
  147  19:27  Zergling x12  
  147  19:28  Zergling x10  
  158  19:31  Zerg Flyer Armor Level 2  
  118  20:09  Ultralisk x2  
  118  20:10  Ultralisk x2  
  132  20:29  Hatchery  
  131  20:56  Extractor  
  130  20:58  Spine Crawler  
  130  21:00  Spine Crawler  
  128  21:06  Spine Crawler, Ultralisk x3  
  145  21:42  Ultralisk x3  
  145  21:43  Zergling x8  
  145  21:44  Zergling x10  
  145  21:45  Zergling x2  
  145  21:46  Tunneling Claws  
  173  21:49  Zerg Missile Weapons Level 1  
  173  22:05  Brood Lord x2  
  177  22:11  Zergling x2  
  177  22:12  Zergling x14  
  177  22:13  Zergling x10  
  190  22:29  Brood Lord x2  
  194  22:48  Extractor  
  194  22:50  Extractor  
  194  22:51  Spore Crawler  
  191  22:53  Hatchery, Spine Crawler x2  
  152  23:21  Ultralisk x2  
  152  23:22  Ultralisk x2  
  152  23:26  Zergling x6  
  148  23:31  Brood Lord  
  126  23:40  Zergling x8  
  126  23:41  Zergling x14  
  131  23:42  Zergling x6  
  128  23:54  Brood Lord  
  128  23:55  Brood Lord  
  129  24:01  Queen x2  
  117  24:23  Zergling x10  
  117  24:24  Zergling x6  
  115  24:35  Ultralisk x2  
  115  24:37  Roach x2  
  115  24:38  Roach  
  133  24:51  Queen  
  135  25:07  Roach x2  
  135  25:08  Roach x7  
  135  25:09  Roach  
  155  25:17  Zerg Missile Weapons Level 2  
  155  25:45  Hatchery  
  154  25:50  Brood Lord x2  
  154  25:51  Zergling x4  
  154  25:52  Hatchery, Zergling x4  
  161  26:23  Zergling x8  
  161  26:24  Ultralisk x2  
  121  26:42  Roach x4  
  121  26:43  Corruptor, Roach  
  121  26:44  Corruptor  
  115  27:03  Corruptor  
  115  27:04  Corruptor  
  115  27:34  Roach x6  
  115  27:35  Roach x6  
  115  27:36  Zergling x2  
  115  27:37  Zergling x8  
  142  27:38  Zergling x2  
  145  28:18  Extractor  
  144  28:21  Extractor  
  144  28:22  Drone  
  144  28:23  Drone x7  
  144  28:24  Drone x6  
  144  28:25  Extractor  
  156  28:28  Extractor  
  155  28:44  Drone x5  
  155  28:45  Drone x6  
  166  29:00  Extractor  
  164  29:10  Hatchery  
  146  29:20  Zergling x6  
  146  29:21  Zergling x2, Ultralisk x2  
  146  29:22  Ultralisk  
  123  29:24  Zergling x8  
  123  29:25  Zergling x6  
  123  29:26  Zergling x2  
  123  29:27  Zergling x2  
  100  29:56  Ultralisk  
  100  29:58  Zergling x4  
  100  29:59  Zergling x8  
  97  30:17  Zergling x10  
  97  30:18  Zergling x10  
Tags
 
League
GoldGold
Matchup
TvZ
Replay Pack
sc2 replays
Spawn Locations
Cross Positions
Add a new tag
Caveats
  • Supply blocks, unpowered buildings, or Contaminate may cause inaccurate times.
  • Supply counts are checked every 10 seconds.